 Dungeon Crawl Stone Soup version 0.19.4-9-g45fd643 (webtiles) character file.

27596 galech the Blocker (level 13, -4/82 HPs)
             Began as a Gargoyle Fighter on Feb 22, 2017.
             Was a High Priest of Okawaru.
             Slain by an ice devil (30 damage)
             ... on level 2 of the Lair of Beasts.
             The game lasted 00:39:56 (14699 turns).

galech the Blocker (Gargoyle Fighter)              Turns: 14699, Time: 00:39:56

Health: -4/82      AC: 27    Str: 27    XL:     13   Next: 33%
Magic:  23/23      EV: 10    Int:  9    God:    Okawaru [*****.]
Gold:   988        SH: 17    Dex: 12    Spells: 0 memorised, 12 levels left

rFire  + . .     SeeInvis +     V - +0 flail (crush)
rCold  x . .     Gourm    .     B - +3 plate armour of Integrity {*Corrode rElec MP+9}
rNeg   + . .     Faith    .     c - +0 shield
rPois  ∞         Spirit   .     Y - +0 helmet
rElec  +         Reflect  +     (no cloak)
rCorr  .         Harm     .     W - +1 pair of gloves
MR     .....     Rnd*Rage +     G - +0 pair of boots
Stlth  ..........               k - +3 amulet of reflection
                                h - ring of fire
                                T - +5 ring of strength

@: no status effects
A: big wings, see invisible, berserk 1, blink, deformed body, negative energy
resistance 1, electricity resistance, unbreathing, petrification resistance, rot
immunity, AC +9
a: Fly, Blink, Heroism, Finesse, Renounce Religion


You were on level 2 of the Lair of Beasts.
You worshipped Okawaru.
Okawaru was extremely pleased with you.
You were near starving.

You visited 2 branches of the dungeon, and saw 14 of its levels.
You also visited: Sewer and Ossuary.

You collected 988 gold pieces.

Inventory:

Hand Weapons
 a - a +0 flail of freezing
 Q - the +0 flail of the Unliving {freeze, rC+ Int+4}
   (Okawaru gifted it to you on level 1 of the Lair of Beasts)

   It has been specially enchanted to freeze those struck by it, causing extra
   injury to most foes and up to half again as much damage against particularly
   susceptible opponents.
   It can also slow down cold-blooded creatures.
   It affects your intelligence (+4).
   It protects you from cold.
 V - a +0 flail of crushing (weapon)
Armour
 c - a +0 shield (worn)
 A - a +0 plate armour
 B - the +3 plate armour of Integrity (worn) {*Corrode rElec MP+9}
   (Okawaru gifted it to you on level 2 of the Lair of Beasts)

   It insulates you from electricity.
   It affects your magic capacity (+9).
   It may corrode you when you take damage.
 G - a +0 pair of boots (worn)
 N - a +1 chain mail of cold resistance
 W - a +1 pair of gloves (worn)
 Y - a +0 helmet (worn)
Jewellery
 g - an uncursed ring of protection from magic {unknown}
 h - a ring of fire (right hand)
 k - a +3 amulet of reflection (around neck)
 r - an uncursed ring of positive energy
 u - an uncursed ring of flight
 E - an uncursed ring of see invisible
 P - an uncursed ring of protection from fire
 S - an uncursed ring of protection from fire
 T - a +5 ring of strength (left hand)
Wands
 J - a wand of heal wounds (5/9)
 Z - a wand of polymorph (13/24)
Scrolls
 m - 6 scrolls of blinking
 q - a scroll of identify
 w - 7 scrolls of teleportation
 x - 3 scrolls of remove curse
 y - 3 scrolls of fog
 z - 3 scrolls of fear
 F - 2 scrolls of enchant armour
 H - 4 scrolls of enchant weapon
 R - 2 scrolls of recharging
Potions
 b - a potion of resistance
 d - 4 potions of might
 e - 5 potions of lignification {unknown}
 i - 4 potions of heal wounds {unknown}
 l - 4 potions of degeneration {unknown}
 o - 10 potions of curing {unknown}
 p - 3 potions of cure mutation {unknown}
 s - 2 potions of cancellation {unknown}
 v - 3 potions of mutation {unknown}
 C - 2 potions of berserk rage
 D - 2 potions of agility {unknown}
 I - 2 potions of flight {unknown}
 L - a potion of magic
 M - 3 potions of brilliance {unknown}
 X - a potion of invisibility {unknown}
Comestibles
 f - 5 bread rations
 j - 7 meat rations
 n - a royal jelly
 t - 5 beef jerkies
 K - 4 slices of pizza
 O - 5 fruits
 U - a chunk of flesh


   Skills:
 + Level 10.1 Fighting
 + Level 12.6 Maces & Flails
 + Level 10.4 Armour
 + Level 5.0 Dodging
 + Level 0.2 Stealth
 + Level 13.8 Shields
 + Level 1.4 Invocations
 + Level 0.1 Evocations


You had 12 spell levels left.
You didn't know any spells.

Dungeon Overview and Level Annotations

Branches:
Dungeon (12/15)            Temple (0/1) D:5            Lair (2/6) D:9
    Orc (0/2) D:11
  Swamp: Lair:2-4    Shoals: Lair:2-4     Snake: Lair:2-4    Spider: Lair:2-4

Altars:
Ashenzari
Cheibriados
Dithmenos
Elyvilon
Fedhas
Gozag
Hepliaklqana
Kikubaaqudgha
Makhleb
Okawaru
Qazlal
Vehumet
Zin

Shops:
D:8 [   D:9 :   D:10 :

Portals:
Ice
Cave: Lair:2


Innate Abilities, Weirdness & Mutations

You are resistant to torment.
Your stone body is resilient. (AC +9)
You are immune to poison.
You resist negative energy. (rN+)
You are resistant to electric shocks. (rElec)
You can survive without breathing.
You are immune to petrification.
You are immune to rotting.
Your large and strong wings let you fly indefinitely.
You have supernaturally acute eyesight. (SInv)
You tend to lose your temper in combat.
You can translocate small distances at will.
Armour fits poorly on your strangely shaped body.


Message History

The ice devil hits you but does no damage.
You hit the ice devil but do no damage.
The ice devil is severely wounded.
The ice devil hits you but does no damage.
You block the ice devil's attack.
You closely miss the ice devil.
The ice devil is severely wounded.
The ice devil closely misses you. The ice devil hits you.
The ice devil freezes you!!
You feel a terrible chill!
You hit the ice devil but do no damage.
The ice devil is severely wounded.
The ice devil hits you but does no damage.
You closely miss the ice devil.
The ice devil is severely wounded.
The ice devil hits you but does no damage.
You sock the ice devil!
The ice devil is almost dead.
You block the ice devil's attack. The ice devil hits you.
The ice devil freezes you!!
You feel a terrible chill!
You die...

### ##### ..$#
##.+.##....#
#..#44....∩# #..'@#
##.### #.#
#.##########
#..........##
#..........P#
##..........#
#.........## #####
#
+..........####.##.


You could see 2 ice devils.

Vanquished Creatures
  Gastronok (Lair:1)
  2 hydras (Lair:1)
  Erica (D:9)
  2 unseen horrors
  A hill giant (D:12)
  A deep elf mage (D:12)
  A manticore (D:10)
  3 ugly things
  A cyclops (shapeshifter) (D:11)
  Joseph (Lair:1)
  2 gargoyles
  A spiny frog (Lair:1)
  A komodo dragon (Lair:1)
  A rime drake (Lair:1)
  A queen bee (Lair:2)
  2 trolls
  A two-headed ogre (D:9)
  3 hippogriffs
  3 slime creatures (D:12)
  A shadow (D:12)
  Sigmund (D:5)
  A water elemental (D:10)
  The ghost of xveg the Covert, an amateur SpAs (Ossuary)
  A basilisk (Lair:2)
  26 yaks
  2 wraiths
  A wyvern (D:12)
  A hungry ghost (D:10)
  2 vampire mosquitoes (D:12)
  A soldier ant (D:12)
  8 water moccasins
  4 porcupines
  7 orc warriors
  3 ice beasts
  2 sky beasts
  A black bear (D:9)
  Purgy (Sewer)
  3 phantoms
  An eye of draining (D:8)
  A necrophage (D:11)
  9 centaurs
  3 ogres
  3 crocodiles
  Blork the orc (D:3)
  2 big kobolds
  2 wyvern zombies
  11 bullfrogs
  A wyvern skeleton (D:11)
  2 scorpions
  A water moccasin skeleton (D:6)
  34 killer bees
  5 howler monkeys
  3 electric eels (D:11)
  3 crimson imps
  2 bullfrog zombies
  3 centaur zombies
  8 hounds
  10 orc priests
  A human zombie (Ossuary)
  A jelly (D:12)
  2 centaur skeletons
  A bullfrog skeleton (D:8)
  4 iguanas
  2 gnoll shamans
  9 orc wizards
  2 hell rats (Lair:1)
  10 worker ants
  3 hound skeletons
  4 mummies
  A worker ant zombie (D:11)
  17 gnolls
  A howler monkey skeleton (D:10)
  17 adders
  6 river rats (Lair:1)
  An ooze (D:7)
  An adder zombie (D:5)
  An adder skeleton (D:4)
  3 worms
  6 leopard geckos
  64 orcs
  2 ball pythons (D:2)
  11 giant cockroaches
  17 hobgoblins
  5 jackals
  21 kobolds
  4 quokkas
  10 bats
  4 frilled lizards
  9 goblins
  5 goblin zombies
  A hobgoblin zombie (Ossuary)
  2 kobold zombies (Ossuary)
  A leopard gecko skeleton (D:4)
  An orc zombie (D:5)
  10 rats
461 creatures vanquished.

Vanquished Creatures (others)
  2 centaurs
  An orc (D:7)
  A goblin zombie (Ossuary)
  A hobgoblin zombie (Ossuary)
  2 kobolds (D:11)
  3 plants
10 creatures vanquished.

Grand Total: 471 creatures vanquished

Notes
Turn   | Place    | Note
-------+----------+-------------------------------------------
     0 | D:1      | galech the Gargoyle Fighter began the quest for the Orb.
     0 | D:1      | Reached XP level 1. HP: 14/14 MP: 1/1
    51 | D:1      | Reached XP level 2. HP: 18/19 MP: 2/2
   617 | D:2      | Reached skill level 4 in Shields
   617 | D:2      | Reached XP level 3. HP: 21/23 MP: 3/3
  1557 | D:2      | Reached XP level 4. HP: 28/28 MP: 4/4
  2006 | D:3      | Found a glowing drain.
  2067 | D:3      | Reached XP level 5. HP: 11/32 MP: 5/5
  2100 | Sewer    | Entered a sewer
  2402 | Sewer    | Noticed Purgy
  2416 | Sewer    | Killed Purgy
  2416 | Sewer    | Reached skill level 1 in Dodging
  2416 | Sewer    | Reached skill level 5 in Shields
  2517 | D:3      | Reached XP level 6. HP: 35/38 MP: 6/6
  2778 | D:4      | Noticed Blork the orc
  3211 | D:3      | Killed Blork the orc
  3275 | D:3      | Reached XP level 7. HP: 33/42 MP: 7/7
  3342 | D:4      | Found an iron altar of Okawaru.
  3346 | D:4      | Found a shadowy altar of Dithmenos.
  3354 | D:4      | Found an ancient bone altar of Kikubaaqudgha.
  3354 | D:4      | Found a white marble altar of Elyvilon.
  3399 | D:4      | Became a worshipper of Warmaster Okawaru
  3426 | D:4      | Found a blossoming altar of Fedhas.
  3428 | D:4      | Found a radiant altar of Vehumet.
  3428 | D:4      | Found a stormy altar of Qazlal.
  3429 | D:4      | Found an opulent altar of Gozag.
  3431 | D:4      | Found a snail-covered altar of Cheibriados.
  3432 | D:4      | Found a hazy altar of Hepliaklqana.
  3792 | D:4      | Reached skill level 5 in Maces & Flails
  4142 | D:5      | Entered Level 5 of the Dungeon
  4173 | D:5      | Reached skill level 6 in Shields
  4180 | D:5      | Reached skill level 5 in Armour
  4237 | D:5      | Found a staircase to the Ecumenical Temple.
  4264 | D:5      | Found a shattered altar of Ashenzari.
  4303 | D:5      | Found a sand-covered staircase.
  4317 | Ossuary  | Entered an ossuary
  4317 | Ossuary  | Noticed a wraith
  4317 | Ossuary  | Noticed a wraith
  4317 | Ossuary  | Noticed a wraith
  4372 | Ossuary  | Noticed a wraith
  4373 | Ossuary  | Noticed xveg's ghost (amateur SpAs)
  4383 | Ossuary  | Killed a wraith
  4383 | Ossuary  | Reached * piety under Okawaru
  4383 | Ossuary  | Reached XP level 8. HP: 39/48 MP: 8/8
  4445 | Ossuary  | Killed xveg's ghost
  4752 | Ossuary  | Reached skill level 9 in Shields
  4752 | Ossuary  | Reached XP level 9. HP: 46/57 MP: 9/9
  4887 | D:5      | Found a glowing silver altar of Zin.
  5358 | D:5      | Noticed Sigmund
  5369 | D:5      | Killed Sigmund
  5433 | D:6      | Reached ** piety under Okawaru
  5630 | D:6      | Found a burning altar of Makhleb.
  6339 | D:7      | Reached XP level 10. HP: 64/64 MP: 10/10
  6960 | D:7      | Reached *** piety under Okawaru
  7294 | D:8      | Found Ivalamn's Armour Shoppe.
  7418 | D:8      | You fall through a shaft!
  7426 | D:9      | Reached skill level 10 in Shields
  7741 | D:8      | Gained mutation: Your large and strong wings let you fly indefinitely. [mutagenic meat]
  7742 | D:8      | Gained mutation: You have an increased reservoir of magic. (+10% MP) [mutagenic meat]
  7743 | D:8      | Lost mutation: You have an increased reservoir of magic. (+10% MP) [mutagenic meat]
  7744 | D:8      | Gained mutation: You can translocate small distances at will. [mutagenic meat]
  7964 | D:8      | Reached **** piety under Okawaru
  8250 | D:9      | Noticed Erica
  8275 | D:9      | Killed Erica
  8275 | D:9      | Reached skill level 10 in Maces & Flails
  8305 | D:9      | Reached XP level 11. HP: 47/68 MP: 11/11
  8606 | D:9      | Found Oleffoqo's Book Shoppe.
  8646 | D:9      | Found a staircase to the Lair.
  8785 | D:10     | Entered Level 10 of the Dungeon
  9057 | D:10     | Noticed an unseen horror
  9063 | D:10     | Killed an unseen horror
  9063 | D:10     | Reached ***** piety under Okawaru
  9063 | D:10     | Reached skill level 11 in Shields
  9474 | D:10     | Found Ekkixet's Book Shoppe.
  9526 | D:11     | Noticed a manticore
  9526 | D:11     | Noticed a brown ugly thing
  9538 | D:10     | Killed a manticore
  9654 | D:10     | Killed a brown ugly thing
  9666 | D:10     | Gained mutation: You have supernaturally acute eyesight. (SInv) [mutagenic meat]
  9919 | D:11     | Received a gift from Okawaru
 10311 | D:11     | Got an ancient dagger {pierce}
 10312 | D:11     | Identified the +7 dagger "Ahiubo" {pierce, rElec Str+5 Dex-2 SInv} (You took it off an orc on level 11 of the Dungeon)
 10578 | D:11     | Found a staircase to the Orcish Mines.
 10757 | D:11     | Noticed a cyclops
 10770 | D:11     | Killed a cyclops
 11042 | D:11     | Gained mutation: You tend to lose your temper in combat. [mutagenic meat]
 11098 | D:12     | Reached XP level 12. HP: 67/76 MP: 12/12
 11479 | D:12     | Reached skill level 12 in Shields
 11652 | D:12     | Gained mutation: You are somewhat resistant to further mutation. [mutagenic meat]
 11653 | D:12     | Gained mutation: Armour fits poorly on your strangely shaped body. [mutagenic meat]
 11904 | D:12     | Reached skill level 5 in Dodging
 12184 | D:12     | Lost mutation: You are somewhat resistant to further mutation. [mutagenic meat]
 12448 | Lair:1   | Entered Level 1 of the Lair of Beasts
 12519 | Lair:1   | Noticed Joseph
 12556 | Lair:1   | Killed Joseph
 12689 | Lair:1   | Noticed a six-headed hydra
 12689 | Lair:1   | Reached skill level 10 in Armour
 13036 | Lair:1   | Reached skill level 13 in Shields
 13128 | Lair:1   | Killed a six-headed hydra
 13128 | Lair:1   | Received a gift from Okawaru
 13131 | Lair:1   | Got an ebony flail {god gift}
 13132 | Lair:1   | Identified the +0 flail of the Unliving {freeze, rC+ Int+4} (Okawaru gifted it to you on level 1 of the Lair of Beasts)
 13238 | Lair:1   | Noticed Gastronok
 13286 | Lair:1   | Killed Gastronok
 13286 | Lair:1   | Reached skill level 1 in Invocations
 13286 | Lair:1   | Reached XP level 13. HP: 31/82 MP: 13/13
 14228 | Lair:2   | Reached skill level 10 in Fighting
 14232 | Lair:2   | Received a gift from Okawaru
 14252 | Lair:2   | Got a faintly humming plate armour {god gift}
 14263 | Lair:2   | Identified the +3 plate armour of Integrity {*Corrode rElec MP+9} (Okawaru gifted it to you on level 2 of the Lair of Beasts)
 14677 | Lair:2   | Found a frozen archway.
 14699 | Lair:2   | Slain by an ice devil

Skill      XL: |  1  2  3  4  5  6  7  8  9 10 11 12 13 |
---------------+----------------------------------------+-----
Shields        | 4 5 6 9 10 11 13 | 13.8
Maces & Flails | 3 4 5 8 9 10 11 12 | 12.6
Armour         | 4 5 8 9 10 | 10.4
Dodging        | 1 4 5 |  5.0
Fighting       | 4 7 8 9 10 | 10.1
Invocations    | 1 |  1.4
Stealth        | |  0.2
Evocations     | |  0.1

Action                   |  1- 3 |  4- 6 |  7- 9 | 10-12 | 13-15 || total
-------------------------+-------+-------+-------+-------+-------++-------
Melee: Flail             |   195 |   245 |   532 |  1192 |   311 ||  2475
Invok: Heroism           |       |       |       |     7 |     1 ||     8
       Finesse           |       |       |       |     1 |       ||     1
Evoke: Wand              |       |       |       |     1 |       ||     1
  Use: Scroll            |       |       |    14 |     7 |     1 ||    22
       Potion            |       |       |     1 |       |       ||     1
  Eat: Chunk             |     3 |     5 |    12 |    39 |     4 ||    63
Armor: Scale mail        |   123 |   183 |     2 |       |       ||   308
       Plate armour      |       |       |   251 |   478 |   107 ||   836
Dodge: Dodged            |    76 |   112 |    99 |   309 |    66 ||   662
Block: Shield            |   117 |   195 |   327 |  1021 |   228 ||  1888
       Reflection        |       |       |     7 |    22 |       ||    29
